 Dungeon Crawl Stone Soup version 0.30.1-11-g7821555f0a (webtiles) character file.

Game seed: 4979770662297996099

57 porpoise the Shooter (level 4, -3/28 HPs)
             Began as a Kobold Hunter on Jan 11, 2024.
             Slain by an orc
             ... wielding a +0 flail
              (5 damage)
             ... on level 2 of the Dungeon.
             The game lasted 00:02:42 (584 turns).

porpoise the Shooter (Kobold Hunter)                 Turns: 584, Time: 00:02:42

Health: -3/28      AC:  4    Str:  8    XL:     4   Next: 18%
Magic:  4/4        EV: 14    Int: 10    God:
Gold:   30         SH:  0    Dex: 20    Spells: 1/3 levels left

rFire   . . .        m - +0 dagger (vamp)
rCold   . . .        (no shield)
rNeg    . . .        c - +0 leather armour
rPois   .            (no helmet)
rElec   .            (no cloak)
rCorr   .            (no gloves)
SInv    .            j - +0 pair of boots
Will    .....        (no amulet)
Stlth   ++           (no ring)
HPRegen 0.24/turn    (no ring)
MPRegen 0.09/turn

%: no passive effects
@: confused
A: small, no large weapons, nightstalker 3
a: no special abilities


You were on level 2 of the Dungeon.
You visited 1 branch of the dungeon, and saw 2 of its levels.

You collected 30 gold pieces.

Inventory:

Hand Weapons
 a - a +0 shortbow
 m - a +0 vampiric dagger (weapon)
Armour
 c - a +0 leather armour (worn)
 j - a +0 pair of boots (worn)
Scrolls
 b - a scroll of immolation
 d - 2 scrolls of blinking {unknown}
 e - 4 scrolls of identify {unknown}
 f - a scroll of butterflies {unknown}
 i - a scroll of teleportation {unknown}
 l - a scroll of enchant weapon {unknown}
Potions
 g - a potion of brilliance {unknown}
 k - a potion of berserk rage {unknown}


   Skills:
 + Level 3.1 Fighting
 * Level 6.6 Ranged Weapons
 - Level 2.4 Dodging
 - Level 1.3 Stealth


You had one spell level left.
You knew the following spells:

 Your Spells              Type           Power      Damage    Failure   Level
w - Wereblood             Tmut           0%         N/A       63%         2

Your spell library contained the following spells:

 Spells                   Type           Power      Damage    Failure   Level
 Sublimation of Blood     Necr           0%         N/A       63%         2
 Summon Hydra             Summ           0%         N/A       100%        7


Dungeon Overview and Level Annotations

Branches:
Dungeon (2/15)

Altars:


Innate Abilities, Weirdness & Mutations

You are small and have problems with some larger weapons.
You are completely attuned to the shadows.


Message History

The arrow hits the orc but does no damage.
The orc is severely wounded.
The orc hits you with a +0 short sword.
You shoot an arrow. The arrow barely misses the orc.
The arrow barely misses the orc wizard.
The arrow closely misses the orc.
The orc closely misses you.
You shoot an arrow. The arrow hits the orc!
You kill the orc!
You shoot an arrow.
The arrow closely misses the orc wizard.
The orc wizard hits you with a +0 dagger.
You are too injured to fight recklessly!
You are too injured to fight recklessly!
Unknown command.
You are too injured to fight recklessly!
You shoot an arrow. The arrow hits the orc wizard!
You kill the orc wizard!
An endoplasm comes into view.
You hear some strange, mumbled words.
You are confused.
Your Fighting skill increases to level 3!
You have reached level 4!
You are now empty-handed.
You bump into the rock wall.
Something hits you but does no damage.
You feel a sense of dread.
m - a +0 vampiric dagger (weapon)
You closely miss something. Your punch misses something. Something hits you.
You hit something.
You feel better.
You hear some strange, mumbled words.
You are more confused.
You bump into the rock wall.
You bump into the rock wall.
Something hits you. The orc hits you with a +0 flail!
* * * LOW HITPOINT WARNING * * *
You bump into the rock wall.
Something hits you.
* * * LOW HITPOINT WARNING * * *
The orc misses you.
You closely miss the orc. Something hits you but does no damage.
The orc hits you with a +0 flail.
You die...

#.#####
#.#...##
#..###.##
##....#..##
#.#.#.#.#.#
##..<...##.#
...........+
###.#...#.##
#.@#.#.##
#o#...##
#w#####
#.....
#)#### #.#
.#.


You could see a dart slug and an orc.

Vanquished Creatures
  An orc wizard (D:2)
  A dart slug (D:1)
  2 orcs (D:2)
  An endoplasm (D:1)
  A giant cockroach (D:1)
  4 goblins (D:1)
  3 hobgoblins (D:1)
  2 jackals (D:1)
  5 kobolds (D:1)
  A quokka (D:1)
  3 bats (D:1)
  3 rats (D:1)
27 creatures vanquished.

Notes
Turn   | Place    | Note
-------+----------+-------------------------------------------
     0 | D:1      | porpoise the Kobold Hunter began the quest for the Orb.
     0 | D:1      | Reached XP level 1. HP: 12/12 MP: 1/1
     7 | D:1      | Noticed a polar bear
     7 | D:1      | Noticed a scorpion
     7 | D:1      | Noticed an iguana
    54 | D:1      | Reached XP level 2. HP: 18/18 MP: 2/2
   154 | D:1      | Reached skill level 6 in Ranged Weapons
   168 | D:1      | Reached XP level 3. HP: 22/22 MP: 3/3
   383 | D:1      | Learned a level 2 spell: Wereblood
   505 | D:1      | Noticed an anaconda
   506 | D:1      | Noticed a swamp drake
   575 | D:2      | Reached XP level 4. HP: 13/28 MP: 4/4
   584 | D:2      | Slain by an orc

Illustrated notes

Levels and vault maps discovered:
D:1:      onia_arrival_zoo_common, layout_rooms, hex_medium,
          chequers_mini_garden, minmay_tripent
D:2:      layout_loops_corners, serial_shops, shop,
          ebering_ecumenical_altar_webs

Skill      XL: |  1  2  3 |
---------------+----------+-----
Ranged Weapons | 6 |  6.6
Fighting       | 3 |  3.1
Dodging        | |  2.4
Stealth        | |  1.3

Action                     |  1- 3 |  4- 6 || total
---------------------------+-------+-------++-------
  Melee: Dagger            |       |     3 ||     3
   Fire: Shortbow          |    73 |       ||    73
 Armour: Leather armour    |     9 |     2 ||    11
  Dodge: Dodged            |    17 |     1 ||    18
